 Dungeon Crawl Stone Soup version 0.28-a0-1152-g9c71ebef14 (webtiles) character file.

Game seed: 11585742238166263494

1523 croobank the Chucker (level 8, -2/79 (83) HPs)
             Began as an Ogre Hunter on Dec 14, 2021.
             Was a Priest of Vehumet.
             Slain by a gnoll (6 damage)
             ... on level 7 of the Dungeon on Dec 15, 2021.
             The game lasted 00:37:30 (7416 turns).

croobank the Chucker (Ogre Hunter)                  Turns: 7416, Time: 00:37:30

HP:   -2/79 (83)    AC:  3    Str: 24    XL:     8   Next: 84%
MP:   12/12         EV:  6    Int: 12    God:    Vehumet [***...]
Gold: 317           SH:  0    Dex: 11    Spells: 9/12 levels left

rFire   . . .      SeeInvis .   t - +1 short sword (drain)
rCold   . . .      Faith    .   (no shield)
rNeg    . . .      Spirit   .   w - +0 robe "Iblidgh" {rPois Will- Str+3}
rPois   +          Reflect  .   (helmet restricted)
rElec   .          Harm     .   (no cloak)
rCorr   .          Rampage  .   (gloves unavailable)
Will    .....                   (boots unavailable)
Stlth   ++........              x - amulet of magic regeneration
HPRegen 0.23/turn               (no ring)
MPRegen 0.53/turn               (no ring)

@: lethally poisoned (-2 -> -17), about to teleport, held, studying Long Blades,
lightly drained
A: large, unfitting armour, tough skin 1, talons 1, strong 2
a: Renounce Religion


You were on level 7 of the Dungeon.
You worshipped Vehumet.
Vehumet was most pleased with you.
You visited 1 branch of the dungeon, and saw 7 of its levels.

You collected 317 gold pieces.

Inventory:

Hand Weapons
 a - a +0 short sword
 h - a +0 falchion
 l - a +2 flail of protection
 r - a +2 quarterstaff of chaos
 t - a +1 short sword of draining (weapon)
 v - a +0 trident
Missiles
 g - 102 arrows
 k - 130 stones (quivered)
 o - 75 poisoned darts
 u - 48 sling bullets
Armour
 b - a +1 robe
 i - a +0 chain mail
 w - the +0 robe "Iblidgh" (worn) {rPois Will- Str+3}
   (You found it on level 5 of the Dungeon)

   Str:       It affects your strength (+3).
   rPois:     It protects you from poison.
   Will:      It decreases your willpower.
Jewellery
 x - an amulet of magic regeneration (around neck)
 z - the ring of Zicienoz {Fire Drain *Slow Int+6 SInv}
   (You found it on level 6 of the Dungeon)

   [ring of fire]

   It enhances your fire magic.
   Int:       It affects your intelligence (+6).
   rF:        It protects you from fire.
   rC:        It makes you vulnerable to cold.
   SInv:      It lets you see invisible.
   Drain:     It drains your maximum health when unequipped.
   *Slow:     It may slow you when you take damage.
Wands
 e - a wand of polymorph (4)
Scrolls
 d - 2 scrolls of amnesia
 n - a scroll of enchant armour
 p - a scroll of summoning {unknown}
 q - a scroll of fog
 y - a scroll of identify
Potions
 f - 2 potions of mutation
 j - a potion of curing


   Skills:
 + Level 5.9 Fighting
 + Level 4.9 Short Blades
 + Level 6.0 Throwing
 + Level 4.2 Dodging
 + Level 1.7 Stealth
 - Level 2.7 Spellcasting
 * Level 3.1 Conjurations


You had 9 spell levels left.
You knew the following spells:

 Your Spells              Type           Power      Damage    Failure   Level
a - Foxfire               Conj/Fire      20%        2x1d5     3%          1
b - Scorch                Fire           2%         2d5       11%         2

Your spell library contained the following spells:

 Spells                   Type           Power      Damage    Failure   Level
 Iskenderun's Mystic Bla  Conj/Tloc      5%         2d3       32%         4
 Magic Dart               Conj           36%        1d4       1%          1
 Poisonous Vapours        Pois/Air       2%         N/A       11%         2
 Mephitic Cloud           Conj/Pois/Air  4%         N/A       13%         3
 Sting                    Tmut/Pois      4%         1d3       26%         1
 Call Imp                 Summ           1%         N/A       36%         2
 Olgreb's Toxic Radiance  Pois           1%         N/A       50%         4


Dungeon Overview and Level Annotations

Branches:
Dungeon (7/15)
 Temple: D:4-7

Altars:
Okawaru
Vehumet
Yredelemnul

Shops:
D:3 (

Annotations:
D:3 2 transporters, ytrimaz's ghost, amateur OpTm


Innate Abilities, Weirdness & Mutations

You are too large for most types of armour.
You have tough skin. (AC +1)
You have sharp toenails.
Your muscles are very strong. (Str +4)


Message History

You claw the gnoll sergeant, but do no damage.
The gnoll sergeant is severely wounded.
You barely miss the gnoll sergeant. Your kick misses the gnoll sergeant.
The gnoll sergeant is severely wounded.
The gnoll hits you with a +0 spear. The gnoll hits you with a +0 whip!
* * * LOW HITPOINT WARNING * * *
The gnoll sergeant barely misses you. The gnoll barely misses you.
The gnoll sergeant closely misses you.
There is an open door here. 2 wights come into view. 2 wights come into view.
The gnoll throws a throwing net.
The throwing net hits you.
You become entangled in the net!
You see here a throwing net.
You struggle against the net.
You struggle against the net.
The wight hits you from afar with a +0 spear.
* * * LOW HITPOINT WARNING * * *
You tear a large gash into the net.
The wight hits you from afar with a +0 spear.
* * * LOW HITPOINT WARNING * * *
You feel drained.
* * * LOW HITPOINT WARNING * * *
You feel better.
The gnoll sergeant hits you from afar with a +1 trident of venom!
* * * LOW HITPOINT WARNING * * *
You are lethally poisoned!
The wight hits you but does no damage.
As you read the scroll of teleportation, it crumbles to dust.
You feel strangely unstable.
* * * LOW HITPOINT WARNING * * *
You feel very sick.
The gnoll sergeant hits you but does no damage.
The wight hits you from afar with a +0 spear.
* * * LOW HITPOINT WARNING * * *
You feel drained.
* * * LOW HITPOINT WARNING * * *
The gnoll barely misses you.
The gnoll hits you from afar with a +0 spear.
You die...

##....# ..(# +.....#
.(.####
...##..†.#####).....$
.......<...#..(......
...#..#....#.#.......
.. #..#.##.#'#.......
. #..#.###.gg.......
## #......g.......
####.zz@.......
#...<.......
...zz.>.....###
...###.###...# ....
..# ...# ... .... ..#
.. .... ... ...≈ ...


You could see a gnoll sergeant (drained), 4 wights and 2 gnolls.

Vanquished Creatures
  A water moccasin (D:6)
  A necrophage (D:5)
  A black bear (D:6)
  An ogre (D:5)
  2 phantoms
  A bullfrog (D:6)
  4 scorpions
  2 hounds (D:4)
  A jelly (D:6)
  Crazy Yiuf (D:2)
  3 orc priests
  A gnoll shaman (D:6)
  A centaur skeleton (D:5)
  Jessica (D:2)
  2 iguanas
  An orc wizard (D:6)
  Terence (D:2)
  11 gnolls
  8 adders
  A white imp (D:6)
  An adder skeleton (D:4)
  4 worms
  4 dart slugs
  17 orcs
  9 ball pythons
  3 endoplasms
  4 giant cockroaches
  2 hobgoblins
  5 quokkas
  4 bats
  8 frilled lizards
  12 goblins
  11 kobolds
  2 rats
131 creatures vanquished.

Vanquished Creatures (others)
  A bat (D:3)
  2 fungi (D:2)
  5 plants (D:4)
8 creatures vanquished.

Grand Total: 139 creatures vanquished

Notes
Turn   | Place    | Note
-------+----------+-------------------------------------------
     0 | D:1      | croobank the Ogre Hunter began the quest for the Orb.
     0 | D:1      | Reached XP level 1. HP: 22/22 MP: 1/1
   395 | D:1      | Reached XP level 2. HP: 29/29 MP: 2/2
   397 | D:1      | Found a faded altar of an unknown god.
   403 | D:1      | Prayed at the altar of an unknown god.
   403 | D:1      | Became a worshipper of Vehumet
   403 | D:1      | Reached * piety under Vehumet
   403 | D:1      | Offered knowledge of Foxfire by Vehumet.
   413 | D:1      | Learned a level 1 spell: Foxfire
  1323 | D:2      | Reached XP level 3. HP: 36/37 MP: 3/3
  1540 | D:2      | Noticed Jessica
  1558 | D:2      | Killed Jessica
  1559 | D:2      | Reached skill level 1 in Short Blades
  1559 | D:2      | Reached skill level 1 in Stealth
  1559 | D:2      | Reached XP level 4. HP: 34/45 MP: 4/4
  1731 | D:2      | Offered knowledge of Scorch by Vehumet.
  1735 | D:2      | Learned a level 2 spell: Scorch
  1763 | D:2      | Reached ** piety under Vehumet
  1829 | D:2      | Noticed Terence
  1861 | D:2      | Gained mutation: You have hidden genetic potential. [potion
                  | of mutation]
  1861 | D:2      | Gained mutation: You have sharp toenails. [potion of
                  | mutation]
  2532 | D:3      | Noticed ytrimaz's ghost (amateur OpTm)
  2533 | D:3      | Found Itetinn's Weapon Shoppe.
  2545 | D:3      | Found a transporter.
  2567 | D:3      | Reached skill level 1 in Spellcasting
  2636 | D:3      | Found a transporter.
  3108 | D:2      | Killed Terence
  3109 | D:2      | Reached XP level 5. HP: 53/53 MP: 6/6
  3128 | D:2      | Gained mutation: Your muscles are strong. (Str +2) [hidden
                  | potential]
  3236 | D:2      | Found a runed translucent door.
  3237 | D:2      | Noticed Crazy Yiuf
  3245 | D:2      | Killed Crazy Yiuf
  3795 | D:4      | Offered knowledge of Inner Flame by Vehumet.
  3796 | D:4      | Reached XP level 6. HP: 52/61 MP: 7/9
  3814 | D:4      | Gained mutation: Your muscles are very strong. (Str +4)
                  | [hidden potential]
  3814 | D:4      | Lost mutation: You have hidden genetic potential. [hidden
                  | potential expressed]
  3847 | D:4      | Found a basalt altar of Yredelemnul.
  4119 | D:4      | Reached *** piety under Vehumet
  4201 | D:4      | Reached skill level 5 in Throwing
  4389 | D:4      | Found an iron altar of Okawaru.
  4598 | D:5      | Entered Level 5 of the Dungeon
  4880 | D:5      | Reached XP level 7. HP: 37/68 MP: 9/11
  5153 | D:5      | Identified the +0 robe "Iblidgh" {rPois Will- Str+3}
  5513 | D:5      | Reached skill level 1 in Conjurations
  5600 | D:5      | Offered knowledge of Iskenderun's Mystic Blast by Vehumet.
  5836 | D:6      | Reached XP level 8. HP: 72/79 MP: 12/12
  5989 | D:6      | Reached skill level 5 in Fighting
  6688 | D:6      | Reached skill level 6 in Throwing
  6740 | D:6      | Identified the +2 ring mail "Fuellueq" {Dex+2}
  7142 | D:6      | Identified the ring of Zicienoz {Fire Drain *Slow Int+6
                  | SInv}
  7416 | D:7      | Slain by a gnoll

Illustrated notes

Levels and vault maps discovered:
D:1:      lightli_arrival_chessboard, layout_loops_corners,
          shapermc_ecumenical_altar_mp_highgroup, chequers_serial_rivers_large_a
D:2:      layout_basic, uniq_jessica, uniq_terence, uniq_crazy_yiuf_cottage
D:3:      layout_basic, serial_shops, shop, gammafunk_ghost_stat_death,
          lemuel_flame_loot_1
D:4:      layout_loops_ring, yredelemnul_altar_generic,
          mainiacjoe_overflow_boulevard, skrybe_limestone_x,
          kennysheep_generic_room_14
D:5:      layout_basic
D:6:      layout_loops_ring, gup_sewer_entry_bowl
D:7:      layout_basic, kiku_gazebo_pond_becter, mainiacjoe_overflow_paths,
          minmay_temple_entry_stoned_glass, serial_shops, shop_statue

Skill      XL: |  1  2  3  4  5  6  7  8 |
---------------+-------------------------+-----
Fighting       | 3 4 5 |  5.9
Dodging        | 2 3 4 |  4.2
Short Blades   | 1 2 3 4 |  4.9
Stealth        | 1 |  1.7
Spellcasting   | 1 2 |  2.7
Throwing       | 5 6 |  6.0
Conjurations   | 1 3 |  3.1

Action                   |  1- 3 |  4- 6 |  7- 9 || total
-------------------------+-------+-------+-------++-------
Melee: Short sword       |   113 |   188 |   111 ||   412
       Kick              |       |    44 |    27 ||    71
Throw: Large rock        |       |    43 |    28 ||    71
       Throwing net      |       |     3 |       ||     3
       Dart              |       |       |     4 ||     4
       Stone             |       |       |     2 ||     2
  Use: Scroll            |     3 |     4 |     5 ||    12
       Potion            |     1 |     5 |     3 ||     9
 Stab: Sleeping          |     2 |     1 |       ||     3
       Distracted        |       |     1 |       ||     1
Armor: Robe              |    31 |    48 |    22 ||   101
       Skin              |       |       |     3 ||     3
Dodge: Dodged            |    53 |   118 |    62 ||   233

Table legend: (Time is in decaauts)
 A = Elapsed time spent in this place.
 B = Non-inter-level travel time spent in this place.
 C = Inter-level travel time spent in this place.
 D = Time resting spent in this place.
 E = Time spent auto-exploring this place.
 F = Levels seen in this place.
 G = Mean time per level.
                   A        B        C        D        E       F      G
               +--------+--------+--------+--------+--------+-----+--------+
         Total |   7458 |   7338 |    120 |   1960 |   3622 |   7 | 1065.4 |
       Dungeon |   7458 |   7338 |    120 |   1960 |   3622 |   7 | 1065.4 |
               +--------+--------+--------+--------+--------+-----+--------+

Top non-repeatable levels by time:
     D:6: 1640 daAuts
     D:1: 1595 daAuts
     D:2: 1173 daAuts
     D:5: 1097 daAuts
     D:4: 992 daAuts
     D:3: 875 daAuts
     D:7: 83 daAuts
